 Dungeon Crawl Stone Soup version 0.27-a0-1202-ge72e49191c (webtiles) character file.

Game seed: 6931451255151706236

8101 Delamore the Spear-Bearer (level 11, -2/118 HPs)
             Began as a Formicid Fighter on June 4, 2021.
             Was a Priest of Okawaru.
             Slain by a black mamba (4 damage)
             ... on level 8 of the Dungeon.
             The game lasted 00:15:12 (11743 turns).

Delamore the Spear-Bearer (Formicid Fighter)       Turns: 11743, Time: 00:15:13

Health: -2/118     AC: 25    Str: 31    XL:     11   Next: 49%
Magic:  14/14      EV:  2    Int:  7    God:    Okawaru [***...]
Gold:   596        SH: 17    Dex: 10    Spells: 10/10 levels left

rFire    . . .     SeeInvis .   x - +1 spear (vorpal)
rCold    . . .     Faith    .   c - +1 kite shield
rNeg     + + +     Spirit   .   (armour currently unavailable)
rPois    +         Reflect  +   (helmet unavailable)
rElec    +         Harm     .   (cloak currently unavailable)
rCorr    .         Rampage  .   (gloves currently unavailable)
Will     +....                  (boots currently unavailable)
Stlth    ..........             p - amulet of reflection
HPRegen  0.29/turn              o - ring "Cugoller" {rElec rPois rN++ Str+6 Stlth-}
MPRegen  0.14/turn              b - ring of the Hare {EV+8}

@: lethally poisoned (-2 -> -4), tree-form
A: stationary, stasis, torment immunity, boosted hp, permanent stasis, dig
shafts and tunnels, (antennae 3), four strong arms
a: Renounce Religion, Heroism


You were on level 8 of the Dungeon.
You worshipped Okawaru.
Okawaru was most pleased with you.
You were a tree.
You visited 3 branches of the dungeon, and saw 10 of its levels.

You collected 1539 gold pieces.
You spent 943 gold pieces at shops.

Inventory:

Hand Weapons
 a - a +0 trident
 x - a +1 vorpal spear (weapon)
 A - a +0 glaive
Missiles
 i - 54 poisoned darts (quivered)
 r - 2 throwing nets
Armour
 c - a +1 kite shield (worn)
 n - a +0 pair of boots (melded)
 s - a +1 chain mail of fire resistance (melded)
 t - a +0 cloak (melded)
Jewellery
 b - the ring of the Hare (right branch) {EV+8}
   (You found it on level 7 of the Dungeon)

   [ring of evasion]

   It affects your evasion (+8).
 h - a ring of resist corrosion
 o - the ring "Cugoller" (left branch) {rElec rPois rN++ Str+6 Stlth-}
   (You bought it in a shop on level 1 of the Dungeon)

   [ring of strength]

   It affects your strength (+6).
   It insulates you from electricity.
   It protects you from poison.
   It greatly protects you from negative energy.
   It makes you less stealthy.
 p - an amulet of reflection (around neck)
 B - a +6 ring of dexterity
Wands
 u - a wand of mindburst (9)
 w - a wand of digging (3)
Scrolls
 f - 3 scrolls of enchant armour
 g - 2 scrolls of blinking
 v - 3 scrolls of brand weapon {unknown}
 y - a scroll of amnesia
 C - a scroll of identify
Potions
 d - a potion of might
 e - 2 potions of attraction
 j - a potion of cancellation
 k - 3 potions of degeneration
 m - a potion of mutation
 z - a potion of berserk rage


   Skills:
 - Level 5.0 Fighting
 - Level 14.0 Polearms
 + Level 4.5 Throwing
 - Level 5.0 Armour
 + Level 6.6 Shields
 - Level 5.0 Invocations


You had 10 spell levels left.
You didn't know any spells.
Your spell library contained the following spells:

 Spells                   Type           Power      Damage    Failure   Level
 Corona                   Hex            0%         N/A       61%         1
 Ensorcelled Hibernation  Hex/Ice        0%         N/A       75%         2
 Confusing Touch          Hex            0%         N/A       93%         3
 Dazzling Flash           Conj/Hex       0%         N/A       93%         3
 Tukima's Dance           Hex            0%         N/A       93%         3


Dungeon Overview and Level Annotations

Branches:
Dungeon (8/15)             Temple (1/1) D:7            Lair (1/6) D:8

Altars:
Ashenzari
Cheibriados
Dithmenos
Elyvilon
Fedhas
Kikubaaqudgha
Makhleb
Nemelex Xobeh
Okawaru
Ru
Sif Muna
Trog
Uskayaw
Vehumet
Wu Jian
Xom
Yredelemnul
The Shining One

Shops:
D:1 ==

Annotations:
D:3 zzzzzzzz's ghost, amateur DjWz


Innate Abilities, Weirdness & Mutations

You are a tree.
Your roots penetrate the ground, keeping you stationary.
You cannot be teleported.
You are immune to unholy pain and torment.
Your maximum health is greatly increased.
Your equipment is partially melded.
You cannot be hasted, slowed, berserked, paralysed or teleported.
You can dig through walls and to a lower floor.
((You have a pair of large antennae on your head. (SInv)))
Your four strong arms can wield two-handed weapons with a shield.


Message History

You feel sick. The black mamba bites you!
* * * LOW HITPOINT WARNING * * *
You are lethally poisoned!
The black mamba poisons you! You block the black mamba's attack.
The black mamba splashes around in the water.
The black mamba bites you but does no damage.
* * * LOW HITPOINT WARNING * * *
You feel very sick. The black mamba bites you.
* * * LOW HITPOINT WARNING * * *
The black mamba splashes around in the water.
* * * LOW HITPOINT WARNING * * *
You feel sick. You block the black mamba's attack. x2
Okay, then.
Okay, then.
Okay, then.
It was a potion of berserk rage.
Your stasis prevents you from going berserk.
* * * LOW HITPOINT WARNING * * *
You feel sick.
The black mamba splashes around in the water.
The black mamba barely misses you.
It was a potion of magic.
Magic courses through your body.
* * * LOW HITPOINT WARNING * * *
You feel sick.
The black mamba splashes around in the water.
You block the black mamba's attack. x2; The black mamba misses you.
Really quaff the potion of lignification? [Y]es or [N]o only, please.
Really quaff the potion of lignification?
You turn into a tree.
Your +0 cloak melds into your body.
Your +0 pair of boots melds into your body.
Your +1 chain mail of fire resistance melds into your body.
You feel less resistant to fire.
Your roots penetrate the ground.
* * * LOW HITPOINT WARNING * * *
You feel sick. You block the black mamba's attack. x2
The black mamba bites you.
* * * LOW HITPOINT WARNING * * *
The black mamba bites you.
You die...

################.##.....
#...........≈..........#
#....≈......≈..≈..≈.)...
##....≈≈≈..≈≈.≈≈≈..≈.....
#....≈≈≈≈≈≈≈≈≈≈≈≈≈≈≈.....
#...≈≈≈≈≈≈≈≈≈≈.≈≈≈≈......
###......≈≈≈≈...≈..≈≈≈...[.
#.....≈≈≈≈≈S≈≈....≈≈≈.≈≈≈..
#.........♣S....>..≈≈≈≈....
#.....≈≈≈≈≈≈≈.....≈≈≈≈≈.... #####
#.....≈≈≈≈≈≈≈≈≈≈≈≈.≈≈≈≈.... ....#
#......≈≈≈≈≈≈≈≈≈≈≈≈≈≈≈.≈... ....#
#......≈≈≈.≈≈≈≈≈≈≈≈≈≈≈≈≈... ....#
####....≈..≈≈≈≈≈≈≈≈≈..≈≈...
....#### #....≈.≈..≈≈≈≈≈≈≈....≈..
.......###..........≈≈≈≈≈≈.......
....##...........####...#........


You could see 2 black mambas.

Vanquished Creatures
  Harold (D:7)
  3 two-headed ogres (D:8)
  Pikel (D:5)
  Joseph (D:7)
  Maggie (D:6)
  A troll (D:8)
  5 yaks
  2 water moccasins
  Duvessa (D:3)
  An orc warrior (D:7)
  A sky beast (D:6)
  An ice beast (D:6)
  A black bear (D:5)
  A necrophage (D:5)
  2 ogres
  2 wolves (D:8)
  A centaur (D:8)
  A phantom (D:5)
  3 bullfrogs (D:7)
  Blork the orc (D:6)
  A scorpion (D:5)
  Dowan (D:3)
  A water moccasin skeleton (D:6)
  4 wights (D:8)
  4 howler monkeys
  2 centaur zombies (D:8)
  4 crimson imps (D:7)
  A bullfrog zombie (D:7)
  2 bullfrog skeletons
  A jelly (D:6)
  Crazy Yiuf (D:7)
  6 orc priests
  A gnoll shaman (D:6)
  8 hounds
  3 iguanas
  7 orc wizards
  2 killer bee zombies
  A howler monkey zombie (D:8)
  A howler monkey skeleton (D:4)
  15 gnolls
  10 adders
  5 white imps
  An ufetubus (D:6)
  An adder skeleton (D:4)
  4 worms
  A dart slug (D:4)
  18 orcs
  4 bats
  3 endoplasms
  3 giant cockroaches
  12 goblins
  5 hobgoblins
  5 kobolds
  4 quokkas
  3 ball pythons
  A frilled lizard (D:2)
  4 rats
181 creatures vanquished.

Vanquished Creatures (others)
  A fungus (D:7)
1 creature vanquished.

Grand Total: 182 creatures vanquished

Notes
Turn   | Place    | Note
-------+----------+-------------------------------------------
     0 | D:1      | Delamore the Formicid Fighter began the quest for the Orb.
     0 | D:1      | Reached XP level 1. HP: 18/18 MP: 1/1
    39 | D:1      | Found Peethy's Jewellery Emporium.
   132 | D:1      | Found a faded altar of an unknown god.
   140 | D:1      | Found Xodotipn's Jewellery Emporium.
   156 | D:1      | Became a worshipper of Vehumet
   156 | D:1      | Reached * piety under Vehumet
   156 | D:1      | Offered knowledge of Foxfire by Vehumet.
   907 | D:2      | Identified a scroll of acquirement
   907 | D:2      | Acquired 1156 gold pieces
   927 | D:2      | Reached XP level 2. HP: 24/24 MP: 2/2
  1070 | D:2      | Reached skill level 3 in Polearms
  1070 | D:2      | Reached XP level 3. HP: 19/30 MP: 3/3
  1426 | D:2      | Reached XP level 4. HP: 32/37 MP: 4/4
  1702 | D:3      | Found a transporter.
  1704 | D:3      | Found a transporter.
  1707 | D:3      | Noticed zzzzzzzz's ghost (amateur DjWz)
  1710 | D:3      | Identified the +4 dire flail "Niumpyciba" {vorpal, rC+}
  1710 | D:3      | Noticed an ogre
  2054 | D:3      | Found a radiant altar of Vehumet.
  2352 | D:3      | Found a large runed translucent door.
  2353 | D:3      | Found a large runed translucent door.
  2382 | D:3      | Found a sacrificial altar of Ru.
  2430 | D:3      | Reached ** piety under Vehumet
  2541 | D:3      | Found a basalt altar of Yredelemnul.
  2550 | D:3      | Found a bloodstained altar of Trog.
  2650 | D:4      | Noticed Duvessa
  2651 | D:4      | Noticed Dowan
  2658 | D:3      | Offered knowledge of Static Discharge by Vehumet.
  2741 | D:4      | Reached skill level 4 in Polearms
  2743 | D:4      | Reached XP level 5. HP: 40/42 MP: 5/5
  2880 | D:4      | Reached XP level 6. HP: 26/49 MP: 6/6
  3032 | D:4      | Reached skill level 5 in Polearms
  3115 | D:4      | Reached skill level 5 in Fighting
  3233 | D:4      | Offered knowledge of Mephitic Cloud by Vehumet.
  4175 | D:4      | Reached skill level 6 in Polearms
  4175 | D:4      | Reached XP level 7. HP: 56/56 MP: 7/7
  4180 | D:4      | Found a hide-covered altar of Uskayaw.
  4237 | D:5      | Entered Level 5 of the Dungeon
  4341 | D:5      | Reached *** piety under Vehumet
  4370 | D:5      | Reached skill level 7 in Polearms
  4527 | D:5      | Reached XP level 8. HP: 12/62 MP: 8/8
  4779 | D:5      | Reached skill level 8 in Polearms
  4798 | D:5      | Noticed Pikel
  4830 | D:5      | Killed Pikel
  4831 | D:5      | Reached skill level 9 in Polearms
  5158 | D:5      | Found an ancient bone altar of Kikubaaqudgha.
  5326 | D:4      | Reached skill level 10 in Polearms
  5326 | D:4      | Reached XP level 9. HP: 28/68 MP: 9/9
  5791 | D:5      | Found an ornate altar of the Wu Jian Council.
  6140 | D:3      | Killed Duvessa
  6150 | D:3      | Killed Dowan
  6386 | D:6      | Reached skill level 11 in Polearms
  6421 | D:5      | HP: 3/68 [yak (7)]
  6875 | D:6      | Noticed Blork the orc
  6876 | D:6      | Noticed Maggie
  6962 | D:1      | Bought the ring "Cugoller" {rElec rPois rN++ Str+6 Stlth-}
                  | for 943 gold pieces
  7087 | D:6      | Reached skill level 12 in Polearms
  7405 | D:6      | Noticed an eight-headed hydra
  7443 | D:7      | Offered knowledge of Stone Arrow by Vehumet.
  7452 | D:7      | Noticed Harold
  7478 | D:7      | Killed Harold
  7479 | D:7      | Reached skill level 13 in Polearms
  7479 | D:7      | Reached XP level 10. HP: 55/74 MP: 10/10
  7617 | D:7      | Found a staircase to the Ecumenical Temple.
  7627 | Temple   | Entered the Ecumenical Temple
  7738 | Temple   | Fell from the grace of Vehumet
  7738 | Temple   | Became a worshipper of Warmaster Okawaru
  8047 | D:8      | HP: 1/73 [wight/+5 scimitar of freezing (7)]
  8466 | D:8      | Noticed a two-headed ogre
  8479 | D:8      | Killed a two-headed ogre
  8479 | D:8      | Reached * piety under Okawaru
  8484 | D:8      | Reached skill level 14 in Polearms
  8640 | D:8      | Reached skill level 1 in Invocations
  8648 | D:8      | Reached ** piety under Okawaru
  8654 | D:8      | Reached skill level 1 in Throwing
  8763 | D:8      | Found a staircase to the Lair.
  8897 | D:8      | Noticed a two-headed ogre
  9127 | D:6      | Found a snail-covered altar of Cheibriados.
  9577 | D:6      | Killed Maggie
  9578 | D:6      | Reached XP level 11. HP: 74/79 MP: 11/13
  9644 | D:6      | Killed Blork the orc
  9685 | D:6      | Reached skill level 5 in Shields
 10522 | D:7      | Found a shimmering altar of Xom.
 10522 | D:7      | Noticed Joseph
 10536 | D:7      | Killed Joseph
 10536 | D:7      | Reached *** piety under Okawaru
 10765 | D:7      | Reached skill level 5 in Armour
 10821 | D:7      | Found the ring of the Hare {EV+8}
 11026 | D:7      | Found a runed translucent door.
 11027 | D:7      | Noticed Crazy Yiuf
 11034 | D:7      | Killed Crazy Yiuf
 11068 | D:8      | Killed a two-headed ogre
 11389 | D:8      | Noticed a two-headed ogre
 11407 | D:8      | Killed a two-headed ogre
 11408 | D:8      | Reached skill level 5 in Invocations
 11715 | Lair:1   | Entered Level 1 of the Lair of Beasts
 11742 | D:8      | HP: 3/79 [poisoned by a black mamba]
 11743 | D:8      | Slain by a black mamba

Illustrated notes

Levels and vault maps discovered:
D:1:      eino_arrival_cavern_a, layout_loops_cross, serial_forest,
          infiniplex_forest_corner_1, infiniplex_forest_clump_long,
          infiniplex_forest_clump_medium, infiniplex_forest_straight_3,
          infiniplex_forest_end_2, infiniplex_forest_straight_2,
          infiniplex_forest_end_double, infiniplex_forest_lined_2,
          infiniplex_forest_lined_room_, chequers_ecumenical_altar_simple,
          serial_shops, shop, nicolae_shop_trees
D:2:      layout_rooms
D:3:      layout_basic, nicolae_overflow_hidden_temple, marbit_many_paths,
          jmf_multi_god_temple2, gammafunk_ghost_smash
D:4:      kennysheep_the_goblin_king, layout_rooms, amcnicky_altar_gilded,
          uniq_duvessa
D:5:      layout_rooms, lemuel_crystal_altar, old_standard_altar,
          nrook_pool_corridor, kennysheep_generic_room_3, uniq_pikel
D:6:      layout_loops_ring, kennysheep_mini, overflow_temple_1_default,
          minmay_divided_ellipse, uniq_menkaure, uniq_maggie, uniq_blork_the_orc
D:7:      layout_gridville, led_xom_imps, minmay_temple_entry_glassed_door,
          uniq_joseph, uniq_crazy_yiuf_cottage, uniq_harold
D:8:      layout_basic, erik_lair_island
Temple:   compressed_dpeg_triangle_lava_temple
Lair:1:   layout_gridlike, cheibrodos_lair_reptile_den,
          infiniplex_staircase_pool_2, grunt_megastairs_3, serial_bayou_shore_a

Skill      XL: |  1  2  3  4  5  6  7  8  9 10 11 |
---------------+----------------------------------+-----
Polearms       | 3 4 6 7 10 13 14 | 14.0
Fighting       | 4 5 |  5.0
Invocations    | 2 5 |  5.0
Throwing       | 2 4 |  4.5
Shields        | 4 6 |  6.6
Armour         | 4 5 |  5.0

Action                   |  1- 3 |  4- 6 |  7- 9 | 10-12 || total
-------------------------+-------+-------+-------+-------++-------
Melee: Trident           |    82 |   219 |   253 |   240 ||   794
       Spear             |       |       |       |   137 ||   137
Throw: Dart              |       |       |    21 |    23 ||    44
 Abil: Dig               |     2 |     5 |     3 |     4 ||    14
Evoke: Wand              |       |       |       |     5 ||     5
  Use: Scroll            |     4 |       |     5 |     2 ||    11
       Potion            |       |     4 |     1 |     3 ||     8
Armor: Scale mail        |    30 |    59 |    55 |     1 ||   145
       Chain mail        |       |       |       |    61 ||    61
Dodge: Dodged            |    25 |    48 |    39 |    52 ||   164
Block: Kite shield       |    41 |   111 |   134 |   232 ||   518
       Reflection        |       |       |     3 |     2 ||     5

Table legend: (Time is in decaauts)
 A = Elapsed time spent in this place.
 B = Non-inter-level travel time spent in this place.
 C = Inter-level travel time spent in this place.
 D = Time resting spent in this place.
 E = Time spent auto-exploring this place.
 F = Levels seen in this place.
 G = Mean time per level.
                   A        B        C        D        E       F      G
               +--------+--------+--------+--------+--------+-----+--------+
         Total |  11744 |  11140 |    604 |   3756 |   5350 |  10 | 1174.4 |
       Dungeon |  11547 |  11017 |    530 |   3756 |   5243 |   8 | 1443.4 |
        Temple |    184 |    110 |     74 |      0 |    107 |   1 |  184.0 |
          Lair |     12 |     12 |      0 |      0 |      0 |   1 |   12.0 |
               +--------+--------+--------+--------+--------+-----+--------+

Top non-repeatable levels by time:
     D:5: 1920 daAuts
     D:4: 1802 daAuts
     D:7: 1757 daAuts
     D:8: 1543 daAuts
     D:3: 1455 daAuts
     D:6: 1276 daAuts
     D:1: 935 daAuts
     D:2: 856 daAuts
  Temple: 184 daAuts
  Lair:1: 12 daAuts
